[Event "US-ch Women 2019"]
[Site "Saint Louis"]
[Date "2019.03.25"]
[Round "6.4"]
[White "Foisor, Sabina-Francesca"]
[Black "Wang, Annie"]
[Result "0-1"]
[ECO "D37"]
[WhiteElo "2276"]
[BlackElo "2304"]
[Annotator "RC"]
[PlyCount "70"]
[EventDate "2019.03.20"]
[EventType "swiss"]
[EventCountry "USA"]
[SourceTitle "playchess.com"]
[Source "ChessBase"]
[SourceQuality "1"]
[TimeControl "5400+30"]

1. d4 Nf6 2. Nf3 e6 3. c4 d5 4. Nc3 Be7 5. Bf4 O-O 6. a3 b6 7. e3 Bb7 8. cxd5 exd5 9. Bd3 c5 10. O-O Nbd7 11. Rc1 Ne4 12. Nd2 Ndf6 13. dxc5 Nxd2 14. Qxd2 bxc5 15. Na4 Rc8 16. Bf5 Rc6 17. Nc3 d4 18. exd4 cxd4 19. Ne2 Qd5 20. Bh3 Rxc1 21. Rxc1 g5 22. Bg3 g4 23. Nf4 Qf5 24. Bxg4 Nxg4 25. h3 Ne5 26. Rc7 Bxg2 27. Kxg2 Qe4+ 28. f3 Qxf3+ 29. Kh2 Qf1 30. Qe2 Nf3+ 31. Qxf3 Qxf3 32. Rxe7 Rc8 33. Re2 d3 34. Rg2 Rc2 35. Be1+ Kf8 0-1

[Event "US-ch Women 2019"]
[Site "Saint Louis"]
[Date "2019.03.27"]
[Round "7.6"]
[White "Sharevich, Anna"]
[Black "Feng, Maggie"]
[Result "1-0"]
[ECO "A40"]
[WhiteElo "2282"]
[BlackElo "2199"]
[Annotator "RC"]
[PlyCount "49"]
[EventDate "2019.03.20"]
[EventType "swiss"]
[EventCountry "USA"]
[SourceTitle "playchess.com"]
[Source "ChessBase"]
[SourceQuality "1"]
[TimeControl "5400+30"]

1. d4 e6 2. Bf4 f5 3. e3 Nf6 4. h3 b6 5. Nf3 Bb7 6. Nbd2 Be7 7. Bd3 O-O 8. Qe2 Ne4 9. Rg1 c5 10. c3 d6 11. g4 Kh8 12. gxf5 exf5 13. O-O-O a5 14. Bxe4 fxe4 15. Ng5 Qd7 16. Nxh7 Rf5 17. Qg4 Bd8 18. Ng5 Bxg5 19. Bxg5 Qf7 20. Nc4 cxd4 21. Qh4+ Kg8 22. Bh6 g6 23. Nxd6 Qxa2 24. Rxg6+ Kh7 25. Rg7+ 1-0

[Event "US-ch Women 2019"]
[Site "Saint Louis"]
[Date "2019.03.29"]
[Round "9.1"]
[White "Yu, Jennifer"]
[Black "Abrahamyan, Tatev"]
[Result "1/2-1/2"]
[ECO "E46"]
[WhiteElo "2273"]
[BlackElo "2377"]
[Annotator "RC"]
[PlyCount "98"]
[EventDate "2019.03.20"]
[EventType "swiss"]
[EventCountry "USA"]
[SourceTitle "playchess.com"]
[Source "ChessBase"]
[SourceQuality "1"]
[TimeControl "5400+30"]

1. d4 Nf6 2. c4 e6 3. Nc3 Bb4 4. e3 O-O 5. Nge2 c6 6. a3 Ba5 7. c5 d5 8. cxd6 Qxd6 9. b4 Bc7 10. g3 e5 11. Bg2 Re8 12. dxe5 Qxd1+ 13. Nxd1 Bxe5 14. Bb2 a5 15. bxa5 Nbd7 16. O-O Rxa5 17. Bxe5 Nxe5 18. Ndc3 Nd3 19. Nd4 Nc5 20. a4 Be6 21. Rab1 Rea8 22. Rb4 g6 23. Rd1 R8a7 24. Ra1 Nd5 25. Bxd5 Bxd5 26. Nxd5 cxd5 27. Nb3 Nxb3 28. Rxb3 b5 29. Rd1 bxa4 30. Ra3 Kf8 31. Rd4 Ke7 32. Kf1 Kd6 33. Ke2 Kc5 34. Kd3 Kb5 35. Kc3 Rc7+ 36. Kb2 Rc5 37. Rad3 Kc6 38. Ka3 Rc2 39. Rf4 f5 40. Rdd4 Rac5 41. Rxa4 R5c3+ 42. Kb4 Rc4+ 43. Kb3 Kb5 44. Raxc4 Rxc4 45. Rf3 Kc5 46. Rf4 Rxf4 47. gxf4 d4 48. Kc2 Kc4 49. Kd2 h6 1/2-1/2